 Dungeon Crawl Stone Soup version 0.30.1-4-g462c640d31 (webtiles) character file.

Game seed: 8104609509273368561

90719 Almogavar the Warrior (level 15, -9/150 HPs)
             Began as a Minotaur Berserker on Aug 28, 2023.
             Was the Champion of Trog.
             Killed from afar by a green death (29 damage)
             ... with a bolt of poison
             ... on level 2 of the Abyss on Aug 29, 2023.
             The game lasted 01:11:10 (19161 turns).

Almogavar the Warrior (Minotaur Berserker)         Turns: 19161, Time: 01:11:10

Health: -9/150     AC: 22    Str: 30    XL:     15   Next: 53%
Magic:  0/14       EV: 16    Int:  2    God:    Trog [******]
Gold:   1563       SH:  4    Dex:  5    Spells: 14/14 levels left

rFire   x . .        v - +7 Throatcutter {drain, coup de grace}
rCold   . . .        C - +0 buckler
rNeg    . . .        p - +4 chain mail of Follow the Leader {rElec Regen+}
rPois   .            K - +3 crown of Dyrovepreva {rElec Int+2 SInv}
rElec   +            s - scarf {repulsion}
rCorr   .            c - +1 pair of gloves
SInv    +            (no boots)
Will    +....        h - amulet of guardian spirit Stlth
                     o - +5 ring of evasion
HPRegen 1.25/turn    O - ring of protection from fire
MPRegen 0.14/turn

%: repel missiles, guardian spirit
@: lethally poisoned (-9 -> -27)
A: horns 2, retaliatory headbutt, [clumsy 2], [dopey 2], [screaming 2], [heat
vulnerability 2]
a: Renounce Religion, Berserk, Trog's Hand, Brothers in Arms


You were on level 2 of the Abyss.
You worshipped Trog.
Trog was exalted by your worship.
You visited 3 branches of the dungeon, and saw 21 of its levels.
You visited the Abyss 1 time.
You also visited: Sewer, Bailey, Ice Cave and Volcano.

You collected 2848 gold pieces.
You spent 1285 gold pieces at shops.

Inventory:

Hand Weapons
 b - a +4 heavy sling
 q - the +27 heavy crossbow "Sniper" {heavy, Acc+∞ SInv}
   (You bought it in a shop on level 12 of the Dungeon)

   Acc+∞: It never misses its target.
   SInv:      It lets you see invisible.
 v - the +7 Throatcutter (weapon) {drain, coup de grace}
   (You took it off Terence on level 3 of the Dungeon)
 P - a +5 long sword of flaming
Armour
 c - a +1 pair of gloves (worn)
 p - the +4 chain mail of Follow the Leader (worn) {rElec Regen+}
   (You found it on level 2 of the Dungeon)

   rElec:     It insulates you from electricity.
   Regen:     It increases your rate of health regeneration.
 s - a scarf of repulsion (worn)
 C - a +0 buckler (worn)
 E - a +2 kite shield
 I - a +2 crystal plate armour
 K - the +3 crown of Dyrovepreva (worn) {rElec Int+2 SInv}
   (You found it in a bailey)

   Int:       It affects your intelligence (+2).
   rElec:     It insulates you from electricity.
   SInv:      It lets you see invisible.
 L - a +1 plate armour of fire resistance
 X - +0 acid dragon scales
Jewellery
 h - an amulet of guardian spirit (around neck)
 j - a ring of protection from cold
 o - a +5 ring of evasion (left hand)
 w - a ring of willpower
 G - a +6 ring of strength
 O - a ring of protection from fire (right hand)
 V - a ring of protection from fire
 Y - a ring of fire
 Z - a +6 ring of dexterity
Wands
 a - a wand of digging (4)
 g - a wand of mindburst (39)
 t - a wand of paralysis (29)
 y - a wand of quicksilver (3)
 A - a wand of flame (27)
 S - a wand of polymorph (8)
Scrolls
 e - 12 scrolls of teleportation
 k - 3 scrolls of blinking
 l - 3 scrolls of enchant armour
 m - 2 scrolls of magic mapping
 n - 3 scrolls of silence
 z - 3 scrolls of poison
 B - a scroll of summoning
 D - 2 scrolls of fog
 F - a scroll of brand weapon
 Q - a scroll of enchant weapon
 W - a scroll of fear {unknown}
Potions
 d - 6 potions of flight
 f - a potion of heal wounds
 i - 7 potions of curing
 u - 3 potions of might
 x - 3 potions of ambrosia
 H - 5 potions of haste
 M - a potion of invisibility
 N - 2 potions of resistance
 R - a potion of cancellation
 T - a potion of brilliance
 U - 3 potions of berserk rage
Miscellaneous
 r - a condenser vane
 J - a piece from Xom's chessboard (15/15)


   Skills:
 + Level 18.6 Fighting
 - Level 14.2 Long Blades
 * Level 14.0 Ranged Weapons
 - Level 14.5 Armour
 + Level 9.7 Dodging
 - Level 5.7 Shields
 * Level 4.4 Evocations


You had 14 spell levels left.
You didn't know any spells.
Your spell library was empty.

Dungeon Overview and Level Annotations

Branches:
Dungeon (14/15)            Temple (0/1) D:4            Lair (5/5) D:8
  Swamp (0/4) Lair:2        Snake (0/4) Lair:2        Slime (0/5) Lair:4
    Orc (2/2) D:12            Elf (0/3) Orc:2         Sewer (visited)
 Bailey (visited)           IceCv (visited)         Volcano (visited)
 Vaults: D:13-14

Altars:
Dithmenos
Hepliaklqana
Nemelex Xobeh
Okawaru
Qazlal
Sif Muna
Yredelemnul
Jiyva

Shops:
D:3 !:((:   D:5 =   D:12 ([   Orc:2 ![!!


Innate Abilities, Weirdness & Mutations

You have a pair of horns on your head.
You reflexively headbutt those who attack you in melee.
[You are very clumsy. (Dex -4)]
[You are very dopey. (Int -4)]
[You frequently scream uncontrollably at your foes.]
[You are very vulnerable to heat. (rF--)]


Message History

You feel much better.
You feel very sick.
The wretched star glows turbulently.
The lance of force misses you. The small abomination hits you.
* * * LOW HITPOINT WARNING * * *
You feel better.
The wretched star glows turbulently.
The lance of force hits you!
* * * LOW HITPOINT WARNING * * *
You are knocked back by the lance of force.
You slam into the metal wall!
A large abomination comes into view.
The green death gestures at you.
The bolt of poison hits the wretched star.
The wretched star completely resists.
The bolt of poison hits you!
You are poisoned.
* * * LOW HITPOINT WARNING * * *
The small abomination misses you.
You feel much better.
You feel very sick.
The small abomination barely misses you.
The green death gestures at you.
The bolt of poison hits the wretched star.
The wretched star completely resists.
The bolt of poison misses you.
As you read the scroll of summoning, it crumbles to dust.
Wisps of shadow whirl around you...
You feel very sick. The large abomination hits you!
* * * LOW HITPOINT WARNING * * *
The wretched star pulses with an eldritch light!
You feel stupid. x2; You feel the urge to shout.
You feel a strong urge to scream.
The small abomination hits you but does no damage.
The green death gestures at you.
The bolt of poison hits your small abomination.
Your small abomination completely resists.
The bolt of poison hits the wretched star.
The wretched star completely resists.
The bolt of poison hits you!!
You are more poisoned.
You die...

. # .Z . . . ##. #
#. # ###..### . # .
#. . #.# § .. #.#
#°5## § .#
#*R###55##.##. . .
#X#x#235#.#. . ##
#@*x# ○.#.# #
#§...######.#☼......
# #. #*..###)# ..##
.. #.##* .†... . #.
.. # . ###. # .3..
## ##. ## . # ...# .
..# .#.#..## .## .
.##..


You could see a green death (ally target), a wretched star (distracted), a large
abomination (ally target), a ynoxinul, a small abomination, an ufetubus
(summoned), a friendly wretched star (summoned), a friendly efreet (summoned)
and a friendly small abomination (summoned).

Vanquished Creatures
  Kirke (D:14)
  An orc warlord (Orc:2)
  Snorg (Orc:1)
  A fire dragon (Lair:5)
  Harold (D:10)
  A rakshasa (D:14)
  Fannar (Lair:3)
  3 hydras
  2 boulder beetles
  3 centaur warriors
  7 two-headed ogres
  An anaconda (Lair:2)
  An alligator (Lair:2)
  Urug (Lair:4)
  6 death yaks
  An orc high priest (Orc:2)
  2 fire crabs
  A wretched star (Abyss:2)
  The ghost of vvl the Trooper, a novice DsFi of Kikubaaqudgha (D:8)
  3 skysharks
  A swamp dragon (Lair:5)
  Lodul (D:10)
  A lindwurm (Volcano)
  A deep elf pyromancer (D:12)
  A wolf spider (Lair:5)
  9 orc knights
  4 orc sorcerers
  3 cyclopes
  An ugly thing (IceCv)
  A worldbinder (Abyss:2)
  8 elephants (Lair:5)
  7 black mambas
  Joseph (D:7)
  A guardian serpent (shapeshifter) (D:14)
  5 gargoyles
  19 cane toads
  2 ice statues (IceCv)
  Maggie (D:7)
  3 torpor snails
  9 rime drakes
  A kobold demonologist (D:12)
  3 komodo dragons
  2 efreet (D:13)
  A freezing wraith (IceCv)
  Psyche (D:10)
  A tengu conjurer (D:13)
  2 polar bears
  7 trolls
  A wolf spider simulacrum (D:13)
  The ghost of Flure the Insei, an amateur MeTm of Gozag (D:5)
  3 hornets
  Prince Ribbit (D:7)
  9 blink frogs (Lair:4)
  5 saltlings (Orc:2)
  A centaur simulacrum (D:14)
  A flying skull (Abyss:2)
  A vampire (Bailey)
  2 shadows
  13 wyverns
  36 yaks
  A ynoxinul (Abyss:2)
  2 neqoxecs (Abyss:2)
  4 hogs (D:14)
  11 humans (D:14)
  10 fire bats (Volcano)
  Grum (D:9)
  3 steam dragons
  2 vampire mosquitoes (D:13)
  2 redbacks (Lair:5)
  9 wargs
  5 basilisks
  2 nagas (Lair:2)
  3 hell hounds (Volcano)
  An acid dragon (shapeshifter) (D:14)
  21 water moccasins
  A hydra simulacrum (IceCv)
  4 acid dragons
  4 ice beasts
  16 orc warriors
  A swamp drake (Lair:5)
  A black bear (Lair:1)
  17 ogres
  6 centaurs
  30 wolves
  3 phantoms (D:5)
  7 kobold brigands
  9 bullfrogs
  3 scorpions (Lair:2)
  3 wights (D:9)
  2 elephant simulacra (IceCv)
  7 killer bees
  9 vampire bats (Bailey)
  8 wolf zombies (Bailey)
  An electric eel (D:6)
  2 howler monkeys
  7 lava snakes (Volcano)
  2 jellies
  15 orc priests
  A gnoll bouda (D:10)
  5 hounds
  11 iguanas
  A sleepcap (D:4)
  3 hell rats
  22 orc wizards
  2 polar bear simulacra (IceCv)
  Terence (D:3)
  15 gnolls
  8 adders
  A river rat (Sewer)
  A shadow imp (D:3)
  3 white imps
  2 ufetubi
  2 worms
  2 dart slugs
  72 orcs
  7 endoplasms
  4 giant cockroaches
  15 goblins
  8 hobgoblins
  9 jackals
  3 quokkas
  8 ball pythons
  5 bats
  6 frilled lizards
  34 kobolds
  21 orc zombies (Bailey)
  8 rats
  A lurking horror (Abyss:2)
726 creatures vanquished.

Vanquished Creatures (collateral kills)
  Donald (Orc:1)
  2 elephants (Lair:5)
  An apocalypse crab (Abyss:2)
  A guardian serpent (Lair:5)
  An efreet (Abyss:2)
  An ancient zyme (Abyss:2)
  3 blink frogs (Lair:5)
  4 yaks (Lair:5)
  2 redbacks (Lair:5)
  A small abomination (Abyss:2)
17 creatures vanquished.

Vanquished Creatures (others)
  4 humans (D:14)
  An orc wizard (D:8)
5 creatures vanquished.

Grand Total: 748 creatures vanquished

Notes
Turn   | Place    | Note
-------+----------+-------------------------------------------
     0 | D:1      | Almogavar the Minotaur Berserker began the quest for the
                  | Orb.
     0 | D:1      | Reached XP level 1. HP: 19/19 MP: 0/0
   188 | D:1      | Reached XP level 2. HP: 27/27 MP: 1/1
   433 | D:1      | Reached skill level 4 in Fighting
   699 | D:1      | Reached ** piety under Trog
   850 | D:2      | Reached XP level 3. HP: 29/33 MP: 2/2
  1140 | D:2      | Identified the +4 chain mail of Follow the Leader {rElec
                  | Regen+}
  1452 | D:2      | Found a basalt altar of Yredelemnul.
  1502 | D:3      | Found Keudul's Antique Weapon Shoppe.
  1514 | D:3      | Reached XP level 4. HP: 39/40 MP: 3/3
  1532 | D:3      | Found a shadowy altar of Dithmenos.
  1545 | D:3      | You fall into a shaft and drop 2 floors!
  1545 | D:5      | Entered Level 5 of the Dungeon
  1574 | D:5      | Reached skill level 5 in Long Blades
  1732 | D:5      | Noticed an ogre
  1737 | D:5      | Killed an ogre
  1738 | D:5      | Reached XP level 5. HP: 47/47 MP: 4/4
  1841 | D:5      | Reached XP level 6. HP: 50/55 MP: 5/5
  1888 | D:5      | Reached skill level 5 in Fighting
  2036 | D:3      | Found Ogethrog's Book Emporium.
  2051 | D:3      | Found Dofuk's Weapon Shop.
  2084 | D:3      | Reached *** piety under Trog
  2143 | D:3      | Found Poff's Distillery.
  2164 | D:3      | Bought a potion of might for 44 gold pieces
  2164 | D:3      | Bought a potion of curing for 33 gold pieces
  2192 | D:3      | Noticed Terence
  2206 | D:3      | Killed Terence
  2207 | D:3      | Reached XP level 7. HP: 30/53 MP: 3/6
  2274 | D:3      | Found a stormy altar of Qazlal.
  2276 | D:3      | Noticed a water elemental
  2276 | D:3      | Noticed a fire elemental
  2276 | D:3      | Noticed an air elemental
  2312 | D:3      | Found a hazy altar of Hepliaklqana.
  2746 | D:3      | Found Comacs's Book Shop.
  2941 | D:4      | Found an iron altar of Okawaru.
  2991 | D:4      | Reached skill level 5 in Armour
  3392 | D:4      | Found a staircase to the Ecumenical Temple.
  3712 | D:5      | Reached **** piety under Trog
  3778 | D:5      | Found a runed translucent gate.
  3778 | D:5      | Found a runed translucent gate.
  3778 | D:5      | Found a runed translucent gate.
  3779 | D:5      | Noticed Flure's ghost (amateur MeTm)
  3809 | D:5      | Reached skill level 6 in Fighting
  3913 | D:5      | Found Naxarep's Jewellery Boutique.
  3992 | D:5      | Reached XP level 8. HP: 65/70 MP: 7/7
  4001 | D:5      | Killed Flure's ghost
  4152 | D:6      | Reached skill level 10 in Long Blades
  4211 | D:6      | Found a glowing drain.
  4221 | Sewer    | Entered a sewer
  4231 | Sewer    | Reached ***** piety under Trog
  4315 | Sewer    | Found a glowing silver altar of Zin.
  4401 | D:6      | Reached skill level 7 in Fighting
  4516 | D:6      | Reached skill level 1 in Shields
  4527 | D:6      | Reached XP level 9. HP: 79/79 MP: 8/8
  4531 | D:6      | Received a gift from Trog
  4781 | D:7      | Noticed a two-headed ogre
  4786 | D:7      | Killed a two-headed ogre
  4832 | D:7      | Found a sparkling altar of Nemelex Xobeh.
  5119 | D:7      | Noticed Maggie
  5128 | D:7      | Killed Maggie
  5129 | D:7      | Reached skill level 8 in Fighting
  5184 | D:7      | Noticed Prince Ribbit
  5191 | D:7      | Killed Prince Ribbit
  5422 | D:7      | Noticed Joseph
  5437 | D:7      | Killed Joseph
  5641 | D:8      | Reached XP level 10. HP: 90/90 MP: 9/9
  5684 | D:8      | Found a shimmering blue altar of Sif Muna.
  5734 | D:8      | Found a staircase to the Lair.
  5913 | D:8      | Reached skill level 9 in Fighting
  5958 | D:8      | Found a runed translucent door.
  5959 | D:8      | Noticed vvl's ghost (novice DsFi)
  5974 | D:8      | Killed vvl's ghost
  6320 | D:9      | Identified the +5 scale mail "Xab Saym" {Int+3}
  6348 | D:9      | Found a flagged portal.
  6357 | Bailey   | Entered a bailey
  6424 | Bailey   | Noticed a gargoyle
  6430 | Bailey   | Killed a gargoyle
  6431 | Bailey   | Reached skill level 5 in Dodging
  6527 | Bailey   | Found the +3 crown of Dyrovepreva {rElec Int+2 SInv}
  6778 | D:9      | Noticed Grum
  6789 | D:9      | Killed Grum
  6790 | D:9      | Reached XP level 11. HP: 84/99 MP: 7/10
  7361 | D:10     | Entered Level 10 of the Dungeon
  7431 | D:10     | Reached skill level 10 in Fighting
  7486 | D:10     | Noticed Harold
  7499 | D:10     | Killed Harold
  7500 | D:10     | Reached skill level 1 in Ranged Weapons
  7518 | D:10     | Noticed a two-headed ogre
  7526 | D:10     | Killed a two-headed ogre
  7527 | D:10     | Reached skill level 5 in Shields
  7619 | D:10     | Noticed Psyche
  7624 | D:10     | Killed Psyche
  7628 | D:10     | Received a gift from Trog
  7679 | D:10     | Reached skill level 10 in Armour
  7714 | D:10     | Noticed Lodul
  7726 | D:10     | Killed Lodul
  7736 | D:10     | Reached skill level 11 in Fighting
  7782 | D:10     | Noticed a two-headed ogre
  7789 | D:10     | Killed a two-headed ogre
  8196 | Lair:1   | Entered Level 1 of the Lair of Beasts
  9396 | Lair:2   | Found a staircase to the Snake Pit.
  9536 | Lair:2   | Found a staircase to the Swamp.
  9599 | Lair:2   | Noticed an alligator
  9611 | Lair:2   | Killed an alligator
  9612 | Lair:2   | Reached skill level 5 in Ranged Weapons
  9614 | Lair:2   | Reached skill level 12 in Fighting
  9617 | Lair:2   | Reached XP level 12. HP: 73/112 MP: 5/11
  9692 | Lair:2   | Noticed a death yak
  9811 | Lair:2   | Killed a death yak
  9831 | Lair:2   | Noticed a death yak
  9831 | Lair:2   | Noticed an anaconda
  9845 | Lair:2   | Killed a death yak
  9853 | Lair:2   | Killed an anaconda
 10346 | Lair:3   | Noticed Fannar
 10358 | Lair:3   | Killed Fannar
 10359 | Lair:3   | Reached skill level 13 in Fighting
 11194 | Lair:4   | Found a frozen archway.
 11203 | Lair:4   | Found a viscous altar of Jiyva.
 11203 | Lair:4   | Found a staircase to the Slime Pits.
 11208 | IceCv    | Entered an ice cave
 11214 | IceCv    | Reached skill level 1 in Evocations
 11227 | IceCv    | Found a transporter.
 11237 | IceCv    | Found a transporter.
 11282 | IceCv    | Reached skill level 10 in Ranged Weapons
 11286 | IceCv    | Identified the +8 morningstar "Isuleubohy" {freeze, Drain
                  | rN+ rCorr Str+3}
 11321 | IceCv    | Identified the +0 helmet "Heatt" {Rampage Regen+ Str+2
                  | Dex+2}
 11398 | Lair:4   | Noticed Urug
 11399 | Lair:4   | Reached XP level 13. HP: 89/122 MP: 8/12
 11415 | Lair:4   | Killed Urug
 11418 | Lair:4   | Found a dark tunnel.
 11429 | Volcano  | Entered a volcano
 11636 | Volcano  | Reached skill level 14 in Fighting
 11658 | Volcano  | Found a radiant altar of Vehumet.
 11709 | Volcano  | Found a radiant altar of Vehumet.
 13089 | Lair:5   | Entered Level 5 of the Lair of Beasts
 13098 | Lair:5   | Received a gift from Trog
 13118 | Lair:5   | Reached ****** piety under Trog
 13126 | Lair:5   | Reached skill level 15 in Fighting
 13405 | Lair:5   | Reached XP level 14. HP: 133/136 MP: 11/13
 13586 | Lair:5   | Reached skill level 16 in Fighting
 14933 | D:11     | Received a gift from Trog
 15550 | D:12     | Found Qiuruxamm's Armour Shop.
 15555 | D:12     | Found a staircase to the Orcish Mines.
 15576 | D:12     | Found Jaric's Weapon Shop.
 15599 | D:12     | Bought the +27 heavy crossbow "Sniper" {heavy, Acc+∞ SInv}
                  | for 1040 gold pieces
 15599 | D:12     | Found the +27 heavy crossbow "Sniper" {heavy, Acc+∞ SInv}
 16181 | Orc:1    | Entered Level 1 of the Orcish Mines
 16216 | Orc:1    | Reached skill level 17 in Fighting
 16478 | Orc:1    | Received a gift from Trog
 16579 | Orc:2    | Entered Level 2 of the Orcish Mines
 16835 | Orc:2    | Noticed Donald
 16842 | Orc:2    | Noticed Snorg
 16861 | Orc:1    | Killed Snorg
 16865 | Orc:1    | Killed Donald
 17224 | Orc:2    | Found a staircase to the Elven Halls.
 17548 | Orc:2    | Reached XP level 15. HP: 147/147 MP: 14/14
 17572 | Orc:2    | Found Ori Aze's Distillery.
 17653 | Orc:2    | Received a gift from Trog
 17952 | Orc:2    | Found Pyussuown's Distillery.
 17978 | Orc:2    | Found Ablohoij's Distillery.
 18058 | Orc:2    | Found Lureragh's Armour Boutique.
 18065 | Orc:2    | Bought a scarf of repulsion for 168 gold pieces
 18217 | D:13     | Reached skill level 18 in Fighting
 18663 | D:14     | Noticed Kirke
 18680 | D:14     | Killed Kirke
 18950 | Abyss:2  | Cast into level 2 of the Abyss (a wizard)
 19161 | Abyss:2  | Killed from afar by a green death

Illustrated notes

Levels and vault maps discovered:
D:1:      scummos_arrival_checkerplants, layout_loops_ring
D:2:      layout_basic, basic_altar
D:3:      layout_basic, grunt_dithmenos_smoke, nicolae_qazlal_style_of_elements,
          nzn_hepliaklqana_mist_gate, serial_shops, shop, shop,
          nicolae_shop_advertising_works [nicolae_subvault_shop_adworks], shop,
          shop, uniq_terence
D:4:      layout_loops_corners, okawaru_altar_gauntlet_db,
          minmay_temple_entry_overgrown
D:5:      layout_rooms, serial_shops, shop, gammafunk_ghost_nasty_kobolds,
          kennysheep_generic_room_16
D:6:      layout_rooms, portal_sewer_entry_d, kennysheep_cluttered_room,
          kennysheep_generic_room_13
D:7:      layout_gridville, nemelex_spade_bored_becter, uniq_maggie,
          uniq_joseph, uniq_prince_ribbit1
D:8:      layout_cave_pools, lemuel_crystal_altar, hellmonk_lair_entry_icy,
          gammafunk_ghost_grave, chequers_serial_rivers_large_a
D:9:      layout_loops_ring, enter_bailey_1, uniq_grum
D:10:     layout_roguey, uniq_harold, uniq_lodul, uniq_psyche
D:11:     layout_cave_pods
D:12:     layout_roguey, orc_david_3
D:13:     layout_rooms
D:14:     layout_rooms, grunt_vaults_entry_tiered, hex_large, uniq_kirke
Lair:1:   layout_cave_pods
Lair:2:   layout_cave_pods, swamp_mist, guppyfry_snake_entry_island,
          nicolae_lair_lakeside_cave, infiniplex_staircase_pool,
          serial_bayou_shore_b
Lair:3:   layout_cave_pods, infiniplex_staircase_pool_2, grunt_megastairs_1,
          uniq_fannar
Lair:4:   nzn_winding_woodlands_cross [nzn_winding_woodlands_5x15_eye,
          nzn_winding_woodlands_5x15_jagged,
          nzn_winding_woodlands_5x15_lazy_stream,
          nzn_winding_woodlands_5x15_concentric,
          nzn_winding_woodlands_15x15_boxy_spiral], layout_cave_pods,
          slime_entry_1, portal_ice_cave_entry_pillars_1,
          nicolae_volcano_entry_two_sided, uniq_urug
Lair:5:   hangedman_lair_tendril_chambers, layout_misc_corridors,
          guppyfry_lair_end_dragon
Orc:1:    layout_caves, basic_altar, mines5_lemuel
Orc:2:    hellmonk_orc_salted, layout_caves, uniq_snorg, uniq_donald
Abyss:2:  base: D:11, evilmike_abyss_exit_12, bh_abyss_negative

Skill      XL: |  1  2  3  4  5  6  7  8  9 10 11 12 13 14 15 |
---------------+----------------------------------------------+-----
Long Blades    | 4 5 6 8 10 12 14 | 14.2
Fighting       | 4 5 6 7 8 9 12 13 15 17 18 | 18.6
Armour         | 3 4 5 6 7 9 11 13 14 | 14.5
Dodging        | 3 4 5 6 7 9 |  9.7
Shields        | 1 3 4 5 |  5.7
Ranged Weapons | 5 10 11 13 14 | 14.0
Evocations     | 1 3 4 |  4.4

Action                     |  1- 3 |  4- 6 |  7- 9 | 10-12 | 13-15 || total
---------------------------+-------+-------+-------+-------+-------++-------
  Melee: Falchion          |   112 |   116 |       |       |       ||   228
         Headbutt          |    14 |    25 |    33 |   102 |   253 ||   427
         Punch             |     1 |     1 |       |       |       ||     2
         Long sword        |       |       |   220 |   538 |  1126 ||  1884
   Fire: Sling             |       |       |       |    58 |    58 ||   116
         Heavy crossbow    |       |       |       |       |     8 ||     8
 Invoke: Berserk           |       |     3 |     2 |     3 |     1 ||     9
         Trog's Hand       |       |       |       |     2 |     3 ||     5
         Brothers in Arms  |       |       |       |       |     3 ||     3
  Evoke: Wand              |       |       |     1 |     3 |     8 ||    12
    Use: Scroll            |     3 |       |     7 |    14 |    14 ||    38
         Potion            |       |       |       |     1 |    11 ||    12
   Stab: Sleeping          |     1 |       |       |       |       ||     1
 Armour: Animal skin       |     6 |       |       |       |       ||     6
         Ring mail         |    11 |       |       |       |       ||    11
         Chain mail        |     8 |    37 |    63 |   198 |   468 ||   774
  Dodge: Dodged            |    73 |    79 |   118 |   297 |   765 ||  1332
         Repelled          |       |       |       |       |     5 ||     5
  Block: Buckler           |       |       |    23 |    81 |   230 ||   334
